Little Stars vs Sasquatch
Created - 24 janvier 2015 at 19:04
Goals
|
| Little Stars |
3 |
2 |
0 |
5 |
| Sasquatch |
2 |
0 |
1 |
3 |
|
Shots
|
| Little Stars |
10 |
8 |
6 |
24 |
| Sasquatch |
12 |
13 |
12 |
37 |
|
1st period
1. Sasquatch , Kevin Porter 11 (Oskar Osala, Cade Fairchild) at 1:45 (PP)
2. Little Stars , Kyle Okposo 17 (Chris Dingman, Marcus Kruger) at 4:13 (PP)
3. Little Stars , Chris Dingman 29 (Cory Murphy) at 10:18
4. Sasquatch , D.J King 28 (Matt Niskanen, Ian Cole) at 13:47
5. Little Stars , Carl Hagelin 4 (Hugh Jessiman) at 16:28
Penalties :
Jesse Joensuu (Tex) for Cross-checking (Minor) at 1:10, Matt Niskanen (Gat) for Holding (Minor) at 4:10
2nd period
6. Little Stars , Ryan Vesce 29 (Hugh Jessiman) at 17:10 (SH)
7. Little Stars , Ryan Vesce 30 (Cody Bass, Corey Trivino) at 18:08
Penalties :
Oskar Osala (Gat) for Hooking (Minor) at 2:14, Nick Leddy (Gat) for Hooking (Minor) at 10:09, Matt Halischuk (Tex) for Tripping (Minor) at 15:27, Derek Stepan (Gat) for Hooking (Minor) at 19:53
3rd period
8. Sasquatch , Cam Atkinson 14 (Stephane Da Costa) at 2:57
Penalties :
Kyle Okposo (Tex) for Interference (Minor) at 3:02, Derek Stepan (Gat) for Hooking (Minor) at 7:39, Matt Niskanen (Gat) for High sticking (Minor) at 13:56
Goalie Stats
Erik Ersberg (Tex), 34 saves from 37 shots - (0,919), W, 25-10-6, 60:00 minutes
Anders Lindback (Gat), 9 saves from 10 shots - (0,900), 22:50 minutes
Marek Schwarz (Gat), 10 saves from 14 shots - (0,714), L, 7-8-3, 37:10 minutes
Players Stats for Little Stars
Player Name G A P +/- PIM S H SB GA TA FO MP PP MP PK MP
------------------------------------------------------------------------------------
Alexander Vasyunov 0 0 0 0 0 0 0 0 0 0 0/0 10:11 0:10 1:04
Cameron Schilling 0 0 0 0 0 0 0 0 0 0 0/0 12:41 0:00 0:00
Carl Hagelin 1 0 1 1 0 1 0 0 3 0 0/0 12:28 0:24 0:29
Chris Dingman 1 1 2 1 0 2 1 0 0 1 4/7 21:50 5:10 2:33
Clay Wilson 0 0 0 2 0 0 0 1 0 0 0/0 16:36 3:51 1:19
Cody Bass 0 1 1 -1 0 0 3 0 0 0 5/11 16:16 4:33 0:00
Corey Trivino 0 1 1 1 0 2 0 0 1 0 3/5 10:29 0:00 0:00
Cory Murphy 0 1 1 4 0 2 0 1 0 1 0/0 25:50 6:07 3:14
Danny DeKeiser 0 0 0 1 0 0 0 0 0 0 0/0 5:08 0:00 0:00
Hugh Jessiman 0 2 2 2 0 5 0 1 0 1 0/0 11:46 0:09 0:35
Jared Spurgeon 0 0 0 0 0 0 3 0 2 0 0/0 12:41 0:00 0:00
Jesse Joensuu 0 0 0 0 2 0 0 0 0 0 0/0 8:57 0:00 0:56
Kyle Okposo 1 0 1 1 2 2 2 0 1 1 0/1 21:10 5:14 1:44
Landon Ferraro 0 0 0 0 0 0 0 0 0 0 1/4 8:43 0:00 0:41
Marcus Kruger 0 1 1 1 0 1 1 0 2 0 16/31 19:40 5:04 0:29
Mathieu Roy 0 0 0 -1 0 2 3 2 1 3 0/0 25:35 6:07 3:14
Matt Halischuk 0 0 0 -1 2 2 0 0 0 0 0/0 16:52 4:35 0:00
Robert Czarnik 0 0 0 0 0 0 0 0 0 0 0/0 0:00 0:00 0:00
Ryan Vesce 2 0 2 0 0 3 0 0 0 0 0/0 17:02 4:35 0:35
Tyler Myers 0 0 0 -2 0 2 2 1 0 1 0/0 21:29 3:51 1:19
Players Stats for Sasquatch
Player Name G A P +/- PIM S H SB GA TA FO MP PP MP PK MP
------------------------------------------------------------------------------------
Brandon Bochenski 0 0 0 0 0 3 4 0 0 0 0/0 16:20 1:47 2:46
Cade Fairchild 0 1 1 -2 0 0 1 1 0 0 0/0 22:39 2:57 5:32
Cam Atkinson 1 0 1 -1 0 2 0 1 0 0 0/0 10:48 0:00 0:00
D.J King 1 0 1 -1 0 6 2 0 0 0 2/2 23:01 2:46 5:07
Derek Stepan 0 0 0 -1 4 2 2 0 0 0 9/23 18:31 2:34 0:00
Ian Cole 0 1 1 0 0 0 0 2 0 1 0/0 15:38 0:00 0:00
Jake Gardiner 0 0 0 1 0 2 0 2 0 3 0/0 28:09 2:57 5:32
Jakub Voracek 0 0 0 -1 0 5 2 0 2 0 1/1 17:34 2:34 0:00
Josh Bailey 0 0 0 0 0 2 0 0 1 2 0/0 7:18 0:00 0:00
Keith Yandle 0 0 0 1 0 1 2 1 1 0 0/0 19:52 0:00 4:26
Kevin Porter 1 0 1 0 0 2 1 0 2 1 12/21 18:37 1:47 5:04
Kyle Clifford 0 0 0 -1 0 0 5 0 0 0 1/1 12:53 0:00 2:04
Luke Adam 0 0 0 0 0 2 1 0 0 0 2/2 6:54 0:00 0:00
Matt Frattin 0 0 0 0 0 1 1 0 1 1 0/0 10:04 0:12 2:26
Matt Niskanen 0 1 1 -1 4 2 2 1 0 1 0/0 20:53 1:36 3:22
Nick Leddy 0 0 0 -3 2 0 0 1 1 0 0/0 12:54 1:36 1:04
Oskar Osala 0 1 1 0 2 4 1 0 0 0 0/1 15:25 1:47 2:09
Stephane Da Costa 0 1 1 -1 0 3 1 1 0 1 3/8 12:26 0:12 0:20
3 Stars
1 - Ryan Vesce (Tex)
2 - Chris Dingman (Tex)
3 - Hugh Jessiman (Tex)
Power Play
Little Stars - 1 on 6 Attempt(s) - 16,67%
Sasquatch - 1 on 3 Attempt(s) - 33,33%
Penalty Kill
Little Stars - 2 on 3 Attempt(s) - 66,67%
- Score 1 goal in Penalty Kill
Sasquatch - 5 on 6 Attempt(s) - 83,33%
- Score 0 goal in Penalty Kill
Team Stat
Little Stars - Hits : 15 - Faceoff Wins : 29 - Blocked Shots : 6 - Penalty Minutes : 6
Sasquatch - Hits : 25 - Faceoff Wins : 30 - Blocked Shots : 10 - Penalty Minutes : 12
Official
Referees : Hebert Ghislain and StPierre Justin
Linesman : Steve Miller and Derek Nansen
Game Notes
Anders Lindback enters game at 17:10 of 2nd period
Finance
Level 1 -- Attendance: 1408 (70,40%) -- Ticket Income 49 280 $
Level 2 -- Attendance: 727 (72,70%) -- Ticket Income 10 905 $
Total Attendance: 2135 (71,17%)
Total Ticket Income: 60 185 $
Other Income: 3 009 $
Total Income: 63 194 $
Little Stars
5 vs 5 Forward
Center Left Wing Right Wing Time % Phy DF OF
1 Marcus Kruger Chris Dingman Kyle Okposo 40 1 2 2
2 Cody Bass Matt Halischuk Ryan Vesce 30 1 2 2
3 Corey Trivino Carl Hagelin Hugh Jessiman 20 1 2 2
4 Landon Ferraro Alexander Vasyunov Jesse Joensuu 10 1 2 2
5 vs 5 Defense
Defense Defense Time % Phy DF OF
1 Tyler Myers Mathieu Roy 40 1 2 2
2 Clay Wilson Cory Murphy 30 1 2 2
3 Cameron Schilling Jared Spurgeon 20 1 2 2
4 Danny DeKeiser Cory Murphy 10 1 2 2
PowerPlay Forward
Center Left Wing Right Wing Time % Phy DF OF
1 Marcus Kruger Chris Dingman Kyle Okposo 60 1 2 2
2 Cody Bass Matt Halischuk Ryan Vesce 40 1 2 2
PowerPlay Defense
Defense Defense Time % Phy DF OF
1 Cory Murphy Mathieu Roy 60 1 2 2
2 Clay Wilson Tyler Myers 40 1 2 2
Penalty Kill 4 Players Forward
Center Wing Time % Phy DF OF
1 Chris Dingman Kyle Okposo 60 1 2 2
2 Ryan Vesce Hugh Jessiman 40 1 2 2
Penalty Kill 4 Players Defense
Defense Defense Time % Phy DF OF
1 Cory Murphy Mathieu Roy 60 1 2 2
2 Clay Wilson Tyler Myers 40 1 2 2
Penalty Kill - 3 Players Forward
Forward Time % Phy DF OF
1 Chris Dingman 60 1 2 2
2 Kyle Okposo 40 1 2 2
Penalty Kill - 3 Players Defense
Defense Defense Time % Phy DF OF
1 Cory Murphy Mathieu Roy 60 1 2 2
2 Clay Wilson Tyler Myers 40 1 2 2
4 vs 4 Forward
Center Wing Time % Phy DF OF
1 Chris Dingman Kyle Okposo 60 1 2 2
2 Ryan Vesce Hugh Jessiman 40 1 2 2
4 vs 4 Defense
Defense Defense Time % Phy DF OF
1 Cory Murphy Mathieu Roy 60 1 2 2
2 Clay Wilson Tyler Myers 40 1 2 2
Last Minutes Offensive
Center Left Wing Right Wing Defense Defense
Marcus Kruger Chris Dingman Kyle Okposo Cory Murphy Mathieu Roy
Last Minutes Defensive
Center Left Wing Right Wing Defense Defense
Marcus Kruger Chris Dingman Kyle Okposo Cory Murphy Mathieu Roy
Goaltenders
Starting : Erik Ersberg
Backup : Ben Scrivens
Extra Forwards
Normal : Matt Halischuk, Carl Hagelin, Alexander Vasyunov - PP : Matt Halischuk, Carl Hagelin - PK : Alexander Vasyunov
Extra Defensemen
Normal : Cameron Schilling, Jared Spurgeon, Tyler Myers - PP : Cameron Schilling - PK : Jared Spurgeon, Tyler Myers
Penalty Shots
Chris Dingman, Kyle Okposo, Ryan Vesce, Hugh Jessiman, Matt Halischuk
Sasquatch
5 vs 5 Forward
Center Left Wing Right Wing Time % Phy DF OF
1 Derek Stepan D.J King Jakub Voracek 40 1 2 2
2 Kevin Porter Oskar Osala Brandon Bochenski 30 1 2 2
3 Stephane Da Costa Kyle Clifford Cam Atkinson 20 1 2 2
4 Luke Adam Josh Bailey Matt Frattin 10 1 2 2
5 vs 5 Defense
Defense Defense Time % Phy DF OF
1 Keith Yandle Jake Gardiner 40 1 2 2
2 Matt Niskanen Ian Cole 30 1 2 2
3 Cade Fairchild Nick Leddy 20 1 2 2
4 Cade Fairchild Jake Gardiner 10 1 2 2
PowerPlay Forward
Center Left Wing Right Wing Time % Phy DF OF
1 Derek Stepan D.J King Jakub Voracek 60 1 2 2
2 Kevin Porter Oskar Osala Brandon Bochenski 40 1 2 2
PowerPlay Defense
Defense Defense Time % Phy DF OF
1 Cade Fairchild Jake Gardiner 60 1 2 2
2 Matt Niskanen Nick Leddy 40 1 2 2
Penalty Kill 4 Players Forward
Center Wing Time % Phy DF OF
1 Kevin Porter D.J King 60 1 2 2
2 Brandon Bochenski Oskar Osala 40 1 2 2
Penalty Kill 4 Players Defense
Defense Defense Time % Phy DF OF
1 Cade Fairchild Jake Gardiner 60 1 2 2
2 Matt Niskanen Keith Yandle 40 1 2 2
Penalty Kill - 3 Players Forward
Forward Time % Phy DF OF
1 Kevin Porter 60 1 2 2
2 D.J King 40 1 2 2
Penalty Kill - 3 Players Defense
Defense Defense Time % Phy DF OF
1 Cade Fairchild Jake Gardiner 60 1 2 2
2 Matt Niskanen Keith Yandle 40 1 2 2
4 vs 4 Forward
Center Wing Time % Phy DF OF
1 Derek Stepan D.J King 60 1 2 2
2 Kevin Porter Jakub Voracek 40 1 2 2
4 vs 4 Defense
Defense Defense Time % Phy DF OF
1 Cade Fairchild Jake Gardiner 60 1 2 2
2 Matt Niskanen Keith Yandle 40 1 2 2
Last Minutes Offensive
Center Left Wing Right Wing Defense Defense
Derek Stepan D.J King Jakub Voracek Cade Fairchild Jake Gardiner
Last Minutes Defensive
Center Left Wing Right Wing Defense Defense
Kevin Porter D.J King Jakub Voracek Cade Fairchild Jake Gardiner
Goaltenders
Starting : Marek Schwarz
Backup : Anders Lindback
Extra Forwards
Normal : Brandon Bochenski, Stephane Da Costa, Josh Bailey - PP : Brandon Bochenski, Stephane Da Costa - PK : Matt Frattin
Extra Defensemen
Normal : Ian Cole, Nick Leddy, Matt Niskanen - PP : Ian Cole - PK : Nick Leddy, Matt Niskanen
Penalty Shots
Cam Atkinson, Oskar Osala, Brandon Bochenski, Cade Fairchild, Matt Frattin
% Time on Ice - Little Stars
Lines # - Real PCT - Wanted PCT - Time Play
Normal Forward
1 - 32% - 40% - 14:40
2 - 27% - 30% - 12:18
3 - 23% - 20% - 10:29
4 - 18% - 10% - 8:02
Normal Defense
1 - 36% - 40% - 16:34
2 - 24% - 30% - 11:06
3 - 28% - 20% - 12:41
4 - 11% - 10% - 5:08
PP Forward
1 - 54% - 60% - 5:23
2 - 46% - 40% - 4:35
PP Defense
1 - 61% - 60% - 6:07
2 - 39% - 40% - 3:51
PK Forward
1 - 87% - 60% - 3:58
2 - 13% - 40% - 0:35
PK Defense
1 - 71% - 60% - 3:14
2 - 29% - 40% - 1:19
PK3 Forward
1 - 0% - 60%
2 - 0% - 40%
PK3 Defense
1 - 0% - 60%
2 - 0% - 40%
44 Forward
1 - 0% - 60%
2 - 0% - 40%
44 Defense
1 - 0% - 60%
2 - 0% - 40%
Last Minute Offensive - 0:00
Last Minute Defensive - 0:00
Total
Forward - 60:00
Defense - 60:00
|
% Time on Ice - Sasquatch
Lines # - Real PCT - Wanted PCT - Time Play
Normal Forward
1 - 36% - 40% - 16:18
2 - 25% - 30% - 11:29
3 - 24% - 20% - 10:48
4 - 15% - 10% - 6:54
Normal Defense
1 - 36% - 40% - 16:30
2 - 35% - 30% - 16:05
3 - 21% - 20% - 9:44
4 - 7% - 10% - 3:10
PP Forward
1 - 61% - 60% - 2:46
2 - 39% - 40% - 1:47
PP Defense
1 - 65% - 60% - 2:57
2 - 35% - 40% - 1:36
PK Forward
1 - 72% - 60% - 7:12
2 - 28% - 40% - 2:46
PK Defense
1 - 56% - 60% - 5:32
2 - 44% - 40% - 4:26
PK3 Forward
1 - 0% - 60%
2 - 0% - 40%
PK3 Defense
1 - 0% - 60%
2 - 0% - 40%
44 Forward
1 - 0% - 60%
2 - 0% - 40%
44 Defense
1 - 0% - 60%
2 - 0% - 40%
Last Minute Offensive - 0:00
Last Minute Defensive - 0:00
Total
Forward - 60:00
Defense - 60:00
|
Play by Play
1st period
0:01 of 1st period - Derek Stepan wins face-off versus Marcus Kruger in neutral zone.
0:12 of 1st period - Snap shot by Marcus Kruger.
0:12 of 1st period - Shot Blocked by Keith Yandle.
0:23 of 1st period - Icing by Derek Stepan.
0:24 of 1st period - Kevin Porter wins face-off versus Cody Bass in Sasquatch zone.
1:05 of 1st period - Off-side.
1:06 of 1st period - Luke Adam wins face-off versus Landon Ferraro in neutral zone.
1:10 of 1st period - Minor Penalty to Jesse Joensuu for Cross-checking.
1:11 of 1st period - Chris Dingman wins face-off versus Derek Stepan in Little Stars zone.
1:27 of 1st period - Slapshot by D.J King.
1:27 of 1st period - Stopped by Erik Ersberg with a rebound.
1:45 of 1st period - Wrist shot by Kevin Porter.
1:45 of 1st period - Goal by Kevin Porter - Little Stars : 0 - Sasquatch : 1.
1:46 of 1st period - Marcus Kruger wins face-off versus Derek Stepan in neutral zone.
1:53 of 1st period - Off-side.
1:54 of 1st period - Marcus Kruger wins face-off versus Derek Stepan in neutral zone.
2:09 of 1st period - Wrist shot by Kyle Okposo.
2:09 of 1st period - Shot Blocked by Ian Cole.
2:25 of 1st period - Slapshot by Brandon Bochenski.
2:25 of 1st period - Shot Misses the Net.
2:27 of 1st period - Snap shot by Oskar Osala.
2:27 of 1st period - Stopped by Erik Ersberg without a rebound.
2:28 of 1st period - Marcus Kruger wins face-off versus Stephane Da Costa in Little Stars zone.
3:01 of 1st period - Hugh Jessiman is hit by Derek Stepan.
4:10 of 1st period - Minor Penalty to Matt Niskanen for Holding.
4:11 of 1st period - Marcus Kruger wins face-off versus Kevin Porter in Sasquatch zone.
4:13 of 1st period - Slapshot by Kyle Okposo.
4:13 of 1st period - Goal by Kyle Okposo - Little Stars : 1 - Sasquatch : 1.
4:14 of 1st period - Cody Bass wins face-off versus Derek Stepan in neutral zone.
4:49 of 1st period - Wrist shot by Kevin Porter.
4:49 of 1st period - Shot Blocked by Clay Wilson.
6:48 of 1st period - Luke Adam is hit by Tyler Myers.
7:41 of 1st period - Kyle Okposo is hit by Derek Stepan and loses puck.
8:10 of 1st period - Wrist shot by Derek Stepan.
8:10 of 1st period - Shot Misses the Net.
8:14 of 1st period - Wrist shot by D.J King.
8:14 of 1st period - Shot Misses the Net.
8:16 of 1st period - Slapshot by Keith Yandle.
8:16 of 1st period - Shot Blocked by Hugh Jessiman.
8:22 of 1st period - Slapshot by Mathieu Roy.
8:22 of 1st period - Shot Misses the Net.
8:24 of 1st period - Wrist shot by Hugh Jessiman.
8:24 of 1st period - Shot Misses the Net.
8:26 of 1st period - Slapshot by Hugh Jessiman.
8:26 of 1st period - Stopped by Marek Schwarz with a rebound.
8:28 of 1st period - Slapshot by Tyler Myers.
8:28 of 1st period - Deflect By D.J King.
8:28 of 1st period - Stopped by Marek Schwarz with a rebound.
8:30 of 1st period - Wrist shot by Tyler Myers.
8:30 of 1st period - Deflect By Corey Trivino.
8:30 of 1st period - Stopped by Marek Schwarz with a rebound.
8:44 of 1st period - Slapshot by Mathieu Roy.
8:44 of 1st period - Deflect By D.J King.
8:44 of 1st period - Stopped by Marek Schwarz with a rebound.
8:46 of 1st period - Backhand shot by Tyler Myers.
8:46 of 1st period - Shot Misses the Net.
8:56 of 1st period - Snap shot by Mathieu Roy.
8:56 of 1st period - Deflect By Carl Hagelin.
8:56 of 1st period - Shot Misses the Net.
8:56 of 1st period - Puck is out of play.
8:57 of 1st period - Kevin Porter wins face-off versus Marcus Kruger in Sasquatch zone.
9:22 of 1st period - Jake Gardiner is hit by Jared Spurgeon and loses puck.
9:45 of 1st period - Slapshot by Ryan Vesce.
9:45 of 1st period - Shot Blocked by Ian Cole.
9:47 of 1st period - Slapshot by Jared Spurgeon.
9:47 of 1st period - Deflect By Alexander Vasyunov.
9:47 of 1st period - Shot Blocked by Matt Niskanen.
9:47 of 1st period - Puck is out of play.
9:48 of 1st period - Landon Ferraro wins face-off versus Oskar Osala in Sasquatch zone.
10:03 of 1st period - Snap shot by Brandon Bochenski.
10:03 of 1st period - Shot Misses the Net.
10:13 of 1st period - Cam Atkinson is hit by Marcus Kruger and loses puck.
10:18 of 1st period - Snap shot by Chris Dingman.
10:18 of 1st period - Goal by Chris Dingman - Little Stars : 2 - Sasquatch : 1.
10:19 of 1st period - Marcus Kruger wins face-off versus Kevin Porter in neutral zone.
10:47 of 1st period - Snap shot by Cody Bass.
10:47 of 1st period - Shot Blocked by Jake Gardiner.
10:53 of 1st period - Snap shot by Stephane Da Costa.
10:53 of 1st period - Stopped by Erik Ersberg without a rebound.
10:54 of 1st period - Cody Bass wins face-off versus Derek Stepan in Little Stars zone.
11:04 of 1st period - Icing by Ian Cole.
11:05 of 1st period - Jakub Voracek wins face-off versus Marcus Kruger in Sasquatch zone.
11:05 of 1st period - Jakub Voracek is hit by Kyle Okposo.
11:12 of 1st period - Off-side.
11:13 of 1st period - Marcus Kruger wins face-off versus Kevin Porter in neutral zone.
11:59 of 1st period - Cory Murphy is hit by Brandon Bochenski and loses puck.
12:16 of 1st period - Snap shot by Oskar Osala.
12:16 of 1st period - Stopped by Erik Ersberg without a rebound.
12:17 of 1st period - Derek Stepan wins face-off versus Cody Bass in Little Stars zone.
12:20 of 1st period - Slapshot by D.J King.
12:20 of 1st period - Stopped by Erik Ersberg with a rebound.
12:26 of 1st period - Snap shot by Jakub Voracek.
12:26 of 1st period - Stopped by Erik Ersberg without a rebound.
12:27 of 1st period - Cody Bass wins face-off versus Derek Stepan in Little Stars zone.
12:40 of 1st period - Backhand shot by Mathieu Roy.
12:40 of 1st period - Shot Misses the Net.
12:50 of 1st period - Tyler Myers is hit by Matt Niskanen and loses puck.
12:59 of 1st period - Snap shot by Matt Halischuk.
12:59 of 1st period - Stopped by Marek Schwarz with a rebound.
13:05 of 1st period - Snap shot by Ryan Vesce.
13:05 of 1st period - Stopped by Marek Schwarz with a rebound.
13:27 of 1st period - Wrist shot by Jakub Voracek.
13:27 of 1st period - Shot Misses the Net.
13:39 of 1st period - Snap shot by D.J King.
13:39 of 1st period - Deflect By Jakub Voracek.
13:39 of 1st period - Stopped by Erik Ersberg with a rebound.
13:41 of 1st period - Slapshot by Matt Niskanen.
13:41 of 1st period - Deflect By Mathieu Roy.
13:41 of 1st period - Stopped by Erik Ersberg with a rebound.
13:43 of 1st period - Slapshot by Ian Cole.
13:43 of 1st period - Shot Blocked by Tyler Myers.
13:45 of 1st period - Slapshot by Matt Niskanen.
13:45 of 1st period - Stopped by Erik Ersberg with a rebound.
13:47 of 1st period - Wrist shot by D.J King.
13:47 of 1st period - Goal by D.J King - Little Stars : 2 - Sasquatch : 2.
13:48 of 1st period - Marcus Kruger wins face-off versus Stephane Da Costa in neutral zone.
14:03 of 1st period - Wrist shot by Marcus Kruger.
14:03 of 1st period - Stopped by Marek Schwarz without a rebound.
14:04 of 1st period - Kevin Porter wins face-off versus Corey Trivino in Sasquatch zone.
14:30 of 1st period - Cory Murphy is hit by Keith Yandle and loses puck.
14:55 of 1st period - Wrist shot by Josh Bailey.
14:55 of 1st period - Shot Misses the Net.
14:57 of 1st period - Snap shot by Josh Bailey.
14:57 of 1st period - Stopped by Erik Ersberg with a rebound.
15:45 of 1st period - Kyle Clifford is hit by Kyle Okposo and loses puck.
16:06 of 1st period - Wrist shot by Alexander Vasyunov.
16:06 of 1st period - Shot Misses the Net.
16:08 of 1st period - Snap shot by Landon Ferraro.
16:08 of 1st period - Shot Misses the Net.
16:10 of 1st period - Snap shot by Jesse Joensuu.
16:10 of 1st period - Shot Misses the Net.
16:26 of 1st period - Wrist shot by Hugh Jessiman.
16:26 of 1st period - Shot Misses the Net.
16:28 of 1st period - Snap shot by Carl Hagelin.
16:28 of 1st period - Goal by Carl Hagelin - Little Stars : 3 - Sasquatch : 2.
16:29 of 1st period - Kevin Porter wins face-off versus Marcus Kruger in neutral zone.
17:00 of 1st period - Wrist shot by D.J King.
17:00 of 1st period - Shot Misses the Net.
17:42 of 1st period - Tyler Myers is hit by Brandon Bochenski and loses puck.
17:50 of 1st period - Snap shot by Keith Yandle.
17:50 of 1st period - Shot Blocked by Mathieu Roy.
17:52 of 1st period - Snap shot by Kevin Porter.
17:52 of 1st period - Shot Misses the Net.
17:54 of 1st period - Wrist shot by Kevin Porter.
17:54 of 1st period - Shot Blocked by Mathieu Roy.
18:08 of 1st period - Keith Yandle is hit by Mathieu Roy and loses puck.
18:25 of 1st period - Wrist shot by Jesse Joensuu.
18:25 of 1st period - Shot Misses the Net.
18:33 of 1st period - Snap shot by Jesse Joensuu.
18:33 of 1st period - Shot Blocked by Nick Leddy.
19:06 of 1st period - Kevin Porter is hit by Jared Spurgeon and loses puck.
19:27 of 1st period - Jesse Joensuu is hit by Matt Frattin.
Goals for this period are 3 for Little Stars vs 2 for Sasquatch.
Shots for this period are 10 for Little Stars vs 12 for Sasquatch.
2nd period
0:01 of 2nd period - Marcus Kruger wins face-off versus Derek Stepan in neutral zone.
0:30 of 2nd period - Slapshot by Ryan Vesce.
0:30 of 2nd period - Shot Misses the Net.
0:32 of 2nd period - Slapshot by Tyler Myers.
0:32 of 2nd period - Stopped by Marek Schwarz with a rebound.
0:34 of 2nd period - Slapshot by Mathieu Roy.
0:34 of 2nd period - Deflect By Jake Gardiner.
0:34 of 2nd period - Stopped by Marek Schwarz without a rebound.
0:35 of 2nd period - Kevin Porter wins face-off versus Cody Bass in Sasquatch zone.
0:35 of 2nd period - Kevin Porter is hit by Cody Bass.
1:05 of 2nd period - Slapshot by Marcus Kruger.
1:05 of 2nd period - Shot Misses the Net.
1:55 of 2nd period - Slapshot by Cory Murphy.
1:55 of 2nd period - Deflect By Jake Gardiner.
1:55 of 2nd period - Stopped by Marek Schwarz without a rebound.
1:56 of 2nd period - Derek Stepan wins face-off versus Marcus Kruger in Sasquatch zone.
2:09 of 2nd period - Wrist shot by Marcus Kruger.
2:09 of 2nd period - Deflect By Jakub Voracek.
2:09 of 2nd period - Shot Blocked by Cade Fairchild.
2:09 of 2nd period - Puck is out of play.
2:10 of 2nd period - Marcus Kruger wins face-off versus Kevin Porter in Sasquatch zone.
2:14 of 2nd period - Minor Penalty to Oskar Osala for Hooking.
2:15 of 2nd period - Marcus Kruger wins face-off versus Kevin Porter in Sasquatch zone.
4:14 of 2nd period - Penalty to Oskar Osala is over, Oskar Osala is back on ice.
4:18 of 2nd period - Icing by Clay Wilson.
4:19 of 2nd period - Stephane Da Costa wins face-off versus Cody Bass in Little Stars zone.
4:24 of 2nd period - Snap shot by Stephane Da Costa.
4:24 of 2nd period - Stopped by Erik Ersberg without a rebound.
4:25 of 2nd period - Corey Trivino wins face-off versus Stephane Da Costa in Little Stars zone.
4:25 of 2nd period - Corey Trivino is hit by Kyle Clifford.
5:09 of 2nd period - Wrist shot by Oskar Osala.
5:09 of 2nd period - Stopped by Erik Ersberg without a rebound.
5:10 of 2nd period - Kevin Porter wins face-off versus Landon Ferraro in Little Stars zone.
5:11 of 2nd period - Snap shot by Brandon Bochenski.
5:11 of 2nd period - Stopped by Erik Ersberg without a rebound.
5:12 of 2nd period - Kevin Porter wins face-off versus Landon Ferraro in Little Stars zone.
5:20 of 2nd period - Slapshot by Keith Yandle.
5:20 of 2nd period - Shot Misses the Net.
5:22 of 2nd period - Snap shot by Kevin Porter.
5:22 of 2nd period - Shot Misses the Net.
5:24 of 2nd period - Snap shot by Brandon Bochenski.
5:24 of 2nd period - Stopped by Erik Ersberg with a rebound.
5:26 of 2nd period - Slapshot by Keith Yandle.
5:26 of 2nd period - Stopped by Erik Ersberg without a rebound.
5:27 of 2nd period - Marcus Kruger wins face-off versus Derek Stepan in Little Stars zone.
5:36 of 2nd period - Snap shot by Derek Stepan.
5:36 of 2nd period - Shot Misses the Net.
5:38 of 2nd period - Backhand shot by Jake Gardiner.
5:38 of 2nd period - Deflect By Marcus Kruger.
5:38 of 2nd period - Stopped by Erik Ersberg without a rebound.
5:39 of 2nd period - Derek Stepan wins face-off versus Marcus Kruger in Little Stars zone.
5:40 of 2nd period - Wrist shot by Jakub Voracek.
5:40 of 2nd period - Deflect By Tyler Myers.
5:40 of 2nd period - Stopped by Erik Ersberg with a rebound.
5:42 of 2nd period - Snap shot by D.J King.
5:42 of 2nd period - Stopped by Erik Ersberg with a rebound.
5:54 of 2nd period - Wrist shot by Jakub Voracek.
5:54 of 2nd period - Stopped by Erik Ersberg without a rebound.
5:55 of 2nd period - Cody Bass wins face-off versus Kevin Porter in Little Stars zone.
6:20 of 2nd period - Marcus Kruger is hit by Keith Yandle and loses puck.
6:37 of 2nd period - Icing by Mathieu Roy.
6:38 of 2nd period - Marcus Kruger wins face-off versus Stephane Da Costa in Little Stars zone.
6:38 of 2nd period - Marcus Kruger is hit by Kyle Clifford.
8:34 of 2nd period - Wrist shot by Kevin Porter.
8:34 of 2nd period - Stopped by Erik Ersberg without a rebound.
8:35 of 2nd period - Marcus Kruger wins face-off versus Kevin Porter in Little Stars zone.
9:00 of 2nd period - Carl Hagelin is hit by D.J King and loses puck.
9:21 of 2nd period - Danny DeKeiser is hit by Kyle Clifford and loses puck.
9:47 of 2nd period - Snap shot by Ryan Vesce.
9:47 of 2nd period - Deflect By Matt Halischuk.
9:47 of 2nd period - Shot Misses the Net.
9:47 of 2nd period - Puck is out of play.
9:48 of 2nd period - Derek Stepan wins face-off versus Marcus Kruger in Sasquatch zone.
10:09 of 2nd period - Minor Penalty to Nick Leddy for Hooking.
10:10 of 2nd period - Chris Dingman wins face-off versus Kevin Porter in Sasquatch zone.
10:37 of 2nd period - Cade Fairchild is hit by Cody Bass and loses puck.
11:48 of 2nd period - Cory Murphy is hit by Brandon Bochenski.
12:00 of 2nd period - Cody Bass is hit by Matt Niskanen and loses puck.
12:09 of 2nd period - Penalty to Nick Leddy is over, Nick Leddy is back on ice.
12:55 of 2nd period - Alexander Vasyunov is hit by Brandon Bochenski and loses puck.
13:23 of 2nd period - Marcus Kruger is hit by Luke Adam and loses puck.
14:18 of 2nd period - D.J King is hit by Jared Spurgeon and loses puck.
14:25 of 2nd period - Jesse Joensuu is hit by Jakub Voracek.
15:27 of 2nd period - Minor Penalty to Matt Halischuk for Tripping.
15:28 of 2nd period - D.J King wins face-off versus Chris Dingman in Little Stars zone.
15:35 of 2nd period - Wrist shot by Derek Stepan.
15:35 of 2nd period - Shot Misses the Net.
15:37 of 2nd period - Snap shot by Derek Stepan.
15:37 of 2nd period - Stopped by Erik Ersberg with a rebound.
15:41 of 2nd period - Snap shot by Derek Stepan.
15:41 of 2nd period - Stopped by Erik Ersberg with a rebound.
15:43 of 2nd period - Snap shot by Jakub Voracek.
15:43 of 2nd period - Deflect By Derek Stepan.
15:43 of 2nd period - Shot Misses the Net.
15:43 of 2nd period - Puck is out of play.
15:44 of 2nd period - Derek Stepan wins face-off versus Chris Dingman in Little Stars zone.
15:57 of 2nd period - Mathieu Roy is hit by Jakub Voracek and loses puck.
16:08 of 2nd period - Chris Dingman is hit by Oskar Osala and loses puck.
17:10 of 2nd period - Wrist shot by Ryan Vesce.
17:10 of 2nd period - Goal by Ryan Vesce - Little Stars : 4 - Sasquatch : 2.
17:10 of 2nd period - Anders Lindback enters game.
17:11 of 2nd period - Chris Dingman wins face-off versus Derek Stepan in neutral zone.
17:20 of 2nd period - Snap shot by Jakub Voracek.
17:20 of 2nd period - Shot Misses the Net.
17:22 of 2nd period - Wrist shot by Derek Stepan.
17:22 of 2nd period - Shot Blocked by Cory Murphy.
17:27 of 2nd period - Penalty to Matt Halischuk is over, Matt Halischuk is back on ice.
18:00 of 2nd period - Snap shot by Corey Trivino.
18:00 of 2nd period - Shot Blocked by Stephane Da Costa.
18:02 of 2nd period - Slapshot by Ryan Vesce.
18:02 of 2nd period - Shot Misses the Net.
18:08 of 2nd period - Snap shot by Ryan Vesce.
18:08 of 2nd period - Goal by Ryan Vesce - Little Stars : 5 - Sasquatch : 2.
18:09 of 2nd period - Derek Stepan wins face-off versus Marcus Kruger in neutral zone.
18:57 of 2nd period - Snap shot by Cam Atkinson.
18:57 of 2nd period - Stopped by Erik Ersberg without a rebound.
18:58 of 2nd period - Corey Trivino wins face-off versus Stephane Da Costa in Little Stars zone.
19:12 of 2nd period - Snap shot by Carl Hagelin.
19:12 of 2nd period - Shot Misses the Net.
19:14 of 2nd period - Wrist shot by Hugh Jessiman.
19:14 of 2nd period - Stopped by Anders Lindback with a rebound.
19:42 of 2nd period - Snap shot by Carl Hagelin.
19:42 of 2nd period - Shot Misses the Net.
19:44 of 2nd period - Wrist shot by Hugh Jessiman.
19:44 of 2nd period - Stopped by Anders Lindback with a rebound.
19:48 of 2nd period - Wrist shot by Corey Trivino.
19:48 of 2nd period - Stopped by Anders Lindback without a rebound.
19:49 of 2nd period - Marcus Kruger wins face-off versus Derek Stepan in Sasquatch zone.
19:53 of 2nd period - Minor Penalty to Derek Stepan for Hooking.
19:54 of 2nd period - Kevin Porter wins face-off versus Chris Dingman in Sasquatch zone.
Goals for this period are 2 for Little Stars vs 0 for Sasquatch.
Shots for this period are 8 for Little Stars vs 13 for Sasquatch.
3rd period
0:01 of 3rd period - D.J King wins face-off versus Marcus Kruger in neutral zone.
0:04 of 3rd period - Slapshot by Jake Gardiner.
0:04 of 3rd period - Shot Misses the Net.
0:12 of 3rd period - Snap shot by D.J King.
0:12 of 3rd period - Stopped by Erik Ersberg with a rebound.
0:33 of 3rd period - Snap shot by Ryan Vesce.
0:33 of 3rd period - Shot Misses the Net.
0:35 of 3rd period - Wrist shot by Ryan Vesce.
0:35 of 3rd period - Shot Blocked by Jake Gardiner.
0:37 of 3rd period - Snap shot by Cody Bass.
0:37 of 3rd period - Shot Misses the Net.
1:27 of 3rd period - Kyle Clifford is hit by Mathieu Roy.
1:53 of 3rd period - Penalty to Derek Stepan is over, Derek Stepan is back on ice.
2:21 of 3rd period - Slapshot by Hugh Jessiman.
2:21 of 3rd period - Shot Misses the Net.
2:23 of 3rd period - Slapshot by Hugh Jessiman.
2:23 of 3rd period - Stopped by Anders Lindback without a rebound.
2:24 of 3rd period - Stephane Da Costa wins face-off versus Corey Trivino in Sasquatch zone.
2:37 of 3rd period - Snap shot by Cam Atkinson.
2:37 of 3rd period - Deflect By Stephane Da Costa.
2:37 of 3rd period - Shot Misses the Net.
2:37 of 3rd period - Puck is out of play.
2:38 of 3rd period - Marcus Kruger wins face-off versus Derek Stepan in Little Stars zone.
2:53 of 3rd period - Snap shot by D.J King.
2:53 of 3rd period - Stopped by Erik Ersberg without a rebound.
2:54 of 3rd period - Stephane Da Costa wins face-off versus Cody Bass in Little Stars zone.
2:57 of 3rd period - Snap shot by Cam Atkinson.
2:57 of 3rd period - Deflect By Matt Halischuk.
2:57 of 3rd period - Goal by Cam Atkinson - Little Stars : 5 - Sasquatch : 3.
2:58 of 3rd period - Derek Stepan wins face-off versus Marcus Kruger in neutral zone.
3:02 of 3rd period - Minor Penalty to Kyle Okposo for Interference.
3:03 of 3rd period - Chris Dingman wins face-off versus Derek Stepan in Little Stars zone.
3:17 of 3rd period - Snap shot by Cory Murphy.
3:17 of 3rd period - Stopped by Anders Lindback with a rebound.
4:51 of 3rd period - Carl Hagelin is hit by Cade Fairchild.
4:55 of 3rd period - Carl Hagelin is hit by Stephane Da Costa and loses puck.
5:02 of 3rd period - Penalty to Kyle Okposo is over, Kyle Okposo is back on ice.
5:06 of 3rd period - Nick Leddy is hit by Mathieu Roy and loses puck.
5:57 of 3rd period - Snap shot by Jesse Joensuu.
5:57 of 3rd period - Shot Blocked by Cam Atkinson.
6:18 of 3rd period - Slapshot by Jake Gardiner.
6:18 of 3rd period - Stopped by Erik Ersberg with a rebound.
6:20 of 3rd period - Wrist shot by Luke Adam.
6:20 of 3rd period - Stopped by Erik Ersberg without a rebound.
6:21 of 3rd period - Luke Adam wins face-off versus Cody Bass in Little Stars zone.
6:24 of 3rd period - Wrist shot by Matt Frattin.
6:24 of 3rd period - Deflect By Josh Bailey.
6:24 of 3rd period - Stopped by Erik Ersberg without a rebound.
6:25 of 3rd period - Derek Stepan wins face-off versus Marcus Kruger in Little Stars zone.
6:28 of 3rd period - Snap shot by Jakub Voracek.
6:28 of 3rd period - Stopped by Erik Ersberg with a rebound.
6:59 of 3rd period - Snap shot by Ryan Vesce.
6:59 of 3rd period - Deflect By Matt Halischuk.
6:59 of 3rd period - Stopped by Anders Lindback without a rebound.
7:00 of 3rd period - Marcus Kruger wins face-off versus Kevin Porter in Sasquatch zone.
7:01 of 3rd period - Wrist shot by Chris Dingman.
7:01 of 3rd period - Stopped by Anders Lindback without a rebound.
7:02 of 3rd period - Kevin Porter wins face-off versus Marcus Kruger in Sasquatch zone.
7:09 of 3rd period - Slapshot by Brandon Bochenski.
7:09 of 3rd period - Stopped by Erik Ersberg with a rebound.
7:17 of 3rd period - Wrist shot by Kyle Okposo.
7:17 of 3rd period - Stopped by Anders Lindback without a rebound.
7:18 of 3rd period - Cody Bass wins face-off versus Derek Stepan in Sasquatch zone.
7:33 of 3rd period - Snap shot by Ryan Vesce.
7:33 of 3rd period - Shot Misses the Net.
7:39 of 3rd period - Minor Penalty to Derek Stepan for Hooking.
7:40 of 3rd period - Kevin Porter wins face-off versus Marcus Kruger in Sasquatch zone.
8:53 of 3rd period - Snap shot by Oskar Osala.
8:53 of 3rd period - Deflect By Ryan Vesce.
8:53 of 3rd period - Stopped by Erik Ersberg with a rebound.
9:39 of 3rd period - Penalty to Derek Stepan is over, Derek Stepan is back on ice.
10:50 of 3rd period - Tyler Myers is hit by Kyle Clifford and loses puck.
11:09 of 3rd period - Slapshot by Luke Adam.
11:09 of 3rd period - Stopped by Erik Ersberg with a rebound.
11:31 of 3rd period - Stephane Da Costa is hit by Cody Bass and loses puck.
12:22 of 3rd period - Landon Ferraro is hit by D.J King and loses puck.
13:00 of 3rd period - Ryan Vesce is hit by Kevin Porter and loses puck.
13:20 of 3rd period - Jake Gardiner is hit by Chris Dingman and loses puck.
13:40 of 3rd period - Matt Niskanen is hit by Tyler Myers and loses puck.
13:56 of 3rd period - Minor Penalty to Matt Niskanen for High sticking.
13:57 of 3rd period - Kevin Porter wins face-off versus Marcus Kruger in Sasquatch zone.
14:00 of 3rd period - Off-side.
14:01 of 3rd period - Kevin Porter wins face-off versus Marcus Kruger in neutral zone.
15:56 of 3rd period - Penalty to Matt Niskanen is over, Matt Niskanen is back on ice.
17:56 of 3rd period - Slapshot by Matt Frattin.
17:56 of 3rd period - Stopped by Erik Ersberg without a rebound.
17:57 of 3rd period - Kyle Clifford wins face-off versus Kyle Okposo in Little Stars zone.
18:30 of 3rd period - Slapshot by Hugh Jessiman.
18:30 of 3rd period - Stopped by Anders Lindback without a rebound.
18:31 of 3rd period - Corey Trivino wins face-off versus Derek Stepan in Sasquatch zone.
18:57 of 3rd period - Chris Dingman is hit by Kyle Clifford and loses puck.
19:54 of 3rd period - Snap shot by Brandon Bochenski.
19:54 of 3rd period - Shot Misses the Net.
19:56 of 3rd period - Snap shot by Stephane Da Costa.
19:56 of 3rd period - Stopped by Erik Ersberg with a rebound.
Goals for this period are 0 for Little Stars vs 1 for Sasquatch.
Shots for this period are 6 for Little Stars vs 12 for Sasquatch.
Output by the SimonT Hockey Simulator (STHS) for François Prévost -- Original Page W3C XHTML 1.0 Valid